 Dungeon Crawl Stone Soup version 0.22-a0-422-g9628fc8 (webtiles) character file.

327 PegasusDuck the Skirmisher (level 6, -5/40 HPs)
             Began as a Tengu Wanderer on May 16, 2018.
             Shot with an arrow by a centaur (11 damage)
             ... on level 7 of the Dungeon.
             The game lasted 00:08:12 (3043 turns).

PegasusDuck the Skirmisher (Tengu Wanderer)         Turns: 3043, Time: 00:08:12

Health: -5/40      AC:  8    Str: 13    XL:     6   Next: 50%
Magic:  10/10      EV: 10    Int: 12    God:
Gold:   88         SH:  0    Dex: 17    Spells: 9/9 levels left

rFire    . . .     SeeInvis .   a - +0 war axe (drain)
rCold    + . .     Gourm    +   (no shield)
rNeg     . . .     Faith    .   c - +3 ring mail
rPois    .         Spirit   .   (helmet restricted)
rElec    .         Reflect  .   (no cloak)
rCorr    .         Harm     .   (no gloves)
MR       .....                  (boots unavailable)
Stlth    +.........             s - amulet of the gourmand
HPRegen  0.13/turn              g - ring of protection from cold
MPRegen  0.12/turn              k - +2 ring of intelligence

@: no status effects
A: beak, talons 3, able to fly 1
a: Fly


You were on level 7 of the Dungeon.
You were not hungry.

You visited 1 branch of the dungeon, and saw 5 of its levels.

You collected 88 gold pieces.

Inventory:

Hand Weapons
 a - a +0 war axe of draining (weapon)
Armour
 c - a +3 ring mail (worn)
Jewellery
 g - a ring of protection from cold (left hand)
 k - a +2 ring of intelligence (right hand)
 s - an amulet of the gourmand (around neck)
 t - an uncursed amulet of magic regeneration {unknown}
Scrolls
 o - 2 scrolls of remove curse
Potions
 h - a potion of agility {unknown}
 j - a potion of degeneration {unknown}
 m - a potion of ambrosia {unknown}
 q - a potion of cancellation {unknown}
 r - 3 potions of mutation
Miscellaneous
 u - a phial of floods (inert)
Comestibles
 f - 4 rations


   Skills:
 - Level 5.6 Fighting
 + Level 2.0 Axes
 + Level 3.1 Armour
 - Level 1.0 Stealth
 - Level 2.0 Spellcasting
   Level 2.4 Transmutations
 - Level 1.0 Evocations


You had 9 spell levels left.
You didn't know any spells.
Your spell library contained the following spells:

 Spells                   Type           Power        Failure   Level  Hunger
 Corona                   Hex            #......      50%         1    ##.....
 Dazzling Spray           Conj/Hex       #.....       86%         3    ####...


Dungeon Overview and Level Annotations

Branches:
Dungeon (7/15)
 Temple: D:4-7

Altars:

Portals:
Ossuary: D:6

Annotations:
D:6 Blork the orc, Dowan, Duvessa


Innate Abilities, Weirdness & Mutations

You have a beak for a mouth.
You have claws for feet.
You can fly.


Message History

A centaur comes into view.
The centaur shouts!
The centaur wields a shortbow.
The centaur shoots an arrow.
The arrow hits you.
* * * LOW HITPOINT WARNING * * *
Unknown command.
Okay, then.
Okay, then.
Evoke which item? (* to show all) (? for menu, Esc to quit)
Aim the phial where?
Press: ? - help, Shift-Dir - straight line, f - centaur
Aim: a centaur, wielding a shortbow The torrent of water misses the centaur.
The wave splashes down.
The water rises up and takes form.
The centaur shoots an arrow.
The arrow hits you but does no damage.
Unknown command.
Okay, then.
The centaur shoots an arrow.
The arrow hits you but does no damage.
You see here 2 arrows.
The centaur shoots an arrow.
The arrow hits you!
You die...

......# ..##..##
..##...# ..###..#
..# ##.# ..#
#....# ..# ##...#
≈# .##
#....#######..≈#≈
.#
#...[..(@...c≈≈E
..
#..########..###
.. .# ..#


You could see a centaur and a friendly water elemental (wandering).

Vanquished Creatures
  A centaur zombie (D:7)
  A hound (D:6)
  3 orc priests
  A bullfrog skeleton (D:2)
  2 worker ants
  3 adders (D:2)
  An ooze (D:2)
  2 dart slugs (D:2)
  4 leopard geckos
  7 orcs
  8 bats
  A giant cockroach (D:1)
  5 hobgoblins
  3 jackals (D:1)
  7 kobolds
  3 ball pythons
  3 frilled lizards
  4 goblins
  A quokka skeleton (D:6)
  7 rats
67 creatures vanquished.

Vanquished Creatures (collateral kills)
  A leopard gecko (D:2)
  A goblin (D:2)
  A rat (D:2)
3 creatures vanquished.

Grand Total: 70 creatures vanquished

Notes
Turn   | Place    | Note
-------+----------+-------------------------------------------
     0 | D:1      | PegasusDuck the Tengu Wanderer began the quest for the Orb.
     0 | D:1      | PegasusDuck set off with: a phial of floods, a +0 ring mail, a +0 dagger, a ration
     0 | D:1      | Reached XP level 1. HP: 12/12 MP: 4/4
   427 | D:1      | Reached skill level 2 in Fighting
   427 | D:1      | Reached XP level 2. HP: 17/17 MP: 6/6
  1226 | D:2      | Reached XP level 3. HP: 22/22 MP: 7/7
  1276 | D:2      | Reached skill level 3 in Fighting
  1366 | D:2      | Reached XP level 4. HP: 20/29 MP: 8/8
  1518 | D:2      | Reached skill level 4 in Fighting
  2288 | D:3      | Gained mutation: You can fly. [Tengu growth]
  2288 | D:3      | Reached XP level 5. HP: 25/34 MP: 9/9
  2558 | D:3      | You fall through a shaft for 3 floors!
  2567 | D:6      | Noticed Blork the orc
  2595 | D:7      | Reached skill level 5 in Fighting
  2853 | D:6      | Reached skill level 1 in Axes
  2853 | D:6      | Reached XP level 6. HP: 27/40 MP: 10/10
  2867 | D:6      | Found a sand-covered staircase.
  2995 | D:6      | Noticed Dowan
  2996 | D:6      | Noticed Duvessa
  3043 | D:7      | Shot with an arrow by a centaur

Vault maps used:
D:1:      arrival_zaba_pyramid
D:2:      first_ration, st_stairs_7
D:3:      uniq_sigmund
D:6:      old_standard_altar, nicolae_ossuary_entry_false_entrances,
          uniq_blork_the_orc, uniq_duvessa
D:7:      lemuel_crystal_altar

Skill      XL: |  1  2  3  4  5  6 |
---------------+-------------------+-----
Fighting       | 2 3 4 5 |  5.6
Axes           | 1 2 |  2.0
Armour         | 3 |  3.1
Stealth        | |  1.0
Spellcasting   | |  2.0
Transmutations | |  2.4
Evocations     | |  1.0

Action                   |  1- 3 |  4- 6 || total
-------------------------+-------+-------++-------
Melee: Dagger            |    92 |    62 ||   154
       Kick              |    18 |    28 ||    46
       Peck              |    11 |    17 ||    28
       Mace              |       |     9 ||     9
       Hand axe          |       |    27 ||    27
       War axe           |       |    19 ||    19
Evoke: Phial of floods   |     1 |     1 ||     2
  Use: Scroll            |       |    12 ||    12
       Potion            |       |     2 ||     2
  Eat: Chunk             |     1 |     6 ||     7
Armor: Ring mail         |    38 |    66 ||   104
Dodge: Dodged            |    67 |    61 ||   128

Table legend:
 A = Spawn XP
 B = Non-spawn XP
 C = Spawn XP percentage of total XP
 D = Spawn monster count
 E = Non-spawn monster count
 F = Spawn count percentage of total count
 G = Total turns spent on level
                    A         B        C        D         E        F      G
               +---------+---------+-------+---------+---------+-------+---------
         Total |       0 |     468 |   0.0 |       0 |      70 |   0.0 |  3043
               +---------+---------+-------+---------+---------+-------+---------
           D:1 |       0 |      31 |   0.0 |       0 |      17 |   0.0 |  1221
           D:2 |       0 |     125 |   0.0 |       0 |      33 |   0.0 |  1037
           D:3 |       0 |      44 |   0.0 |       0 |       7 |   0.0 |   300
           D:6 |       0 |     164 |   0.0 |       0 |       7 |   0.0 |   192
           D:7 |       0 |     104 |   0.0 |       0 |       6 |   0.0 |   293
               +---------+---------+-------+---------+---------+-------+---------
